 Dungeon Crawl Stone Soup version 0.19-a0-1170-g18f0c96 (webtiles) character file.

85 Gagarin the Poker (level 4, -1/35 HPs)
             Began as a Merfolk Gladiator on Aug 17, 2016.
             Was an Initiate of Okawaru.
             Killed by divine providence
             ... invoked by an orc priest
              (16 damage)
             ... on level 3 of the Dungeon.
             The game lasted 00:04:21 (1801 turns).

Gagarin the Poker (Merfolk Gladiator)               Turns: 1801, Time: 00:04:23

Health: -1/35      AC:  5    Str: 16    XL:     4   Next: 48%
Magic:  4/4        EV: 14    Int:  7    God:    Okawaru [......]
Gold:   143        SH:  0    Dex: 14    Spells: 0 memorised, 3 levels left

rFire  . . .     SeeInvis .     a - +0 trident
rCold  . . .     Gourm    .     b - +0 leather armour
rNeg   . . .     Faith    .     (no shield)
rPois  .         Spirit   .     c - +0 helmet
rElec  .         Dismiss  .     v - +0 cloak
rCorr  .         Reflect  .     (no gloves)
MR     .....     Harm     .     (no boots)
Stlth  +.........               (no amulet)
                                (no ring)
                                (no ring)

@: no status effects
A: change form in water, swift swim
a: Renounce Religion


You were on level 3 of the Dungeon.
You worshipped Okawaru.
Okawaru was noncommittal.
You were not hungry.

You visited 1 branch of the dungeon, and saw 3 of its levels.

You collected 143 gold pieces.

Inventory:

Hand Weapons
 a - a +0 trident (weapon)
Missiles
 d - 3 throwing nets (quivered)
Armour
 b - a +0 leather armour (worn)
 c - a +0 helmet (worn)
 v - a +0 cloak (worn)
Scrolls
 e - 2 scrolls of random uselessness {unknown}
 j - 3 scrolls of fear {unknown}
 k - 8 scrolls of identify {unknown}
 n - a scroll of remove curse {unknown}
 o - 2 scrolls of enchant armour {unknown}
 r - a scroll of teleportation {unknown}
 u - a scroll of amnesia {unknown}
 w - a scroll of fog {unknown}
 x - a scroll of noise {unknown}
Potions
 h - 2 potions of flight {unknown}
 l - a potion of cure mutation {unknown}
 p - a potion of mutation {unknown}
 s - 2 potions of invisibility {unknown}
 t - a potion of agility {unknown}
Comestibles
 f - 2 bread rations
 g - 7 chunks of flesh
 i - 3 royal jellies
 m - a slice of pizza
 q - 2 meat rations
 z - a beef jerky


   Skills:
 + Level 3.5 Fighting
 + Level 5.3 Polearms
 - Level 2.0 Throwing
 + Level 5.2 Dodging


You had 3 spell levels left.
You didn't know any spells.

Dungeon Overview and Level Annotations

Branches:
Dungeon (3/15)

Altars:
Okawaru
Ru
Zin


Message History

The orc shouts!
You hit the adder.
The adder is lightly wounded.
The adder closely misses you.
A hobgoblin comes into view. It is wielding a club.
The hobgoblin shouts!
The orc priest shouts!
You hit the adder.
The adder is heavily wounded.
The adder barely misses you.
The orc priest calls down the wrath of Beogh upon you.
Beogh smites you!
You hit the adder.
The adder is severely wounded.
The adder misses you. The goblin hits you with a club.
The adder bites you but does no damage.
Things that are here:
a club; 3 chunks of flesh; a goblin skeleton The orc priest mumbles some strange prayers to Beogh against you.
Beogh smites you!
You die...

#....... ..(... #..o<..
...... #g.... ......
####### #.#oo# ......
##.....## #..o.# ......
##<......## #.g..#####
...... #.........#
##)........ ......
#...#.....#
#####S.##.##.. ......
#...#.....###...@.....#
###...
#...#.....##..#########
##..... #...##.......##
##8## 8## #......
.....##...######8...8
..8##...... .....
#....#####.....
...##......
##....#.#_.....
...>#.#..##
#..#.#.##.....
..##.#....
#..#...##8...8 #...##.
#.###..# 8## ###....


You could see an orc priest, an adder, 3 orcs and a goblin.

Vanquished Creatures
  3 adders
  An ooze (D:2)
  3 dart slugs
  A giant gecko (D:3)
  An orc (D:3)
  7 bats
  A giant cockroach (D:1)
  6 hobgoblins
  2 quokkas
  2 giant newts (D:1)
  7 goblins
  7 kobolds
  6 rats
47 creatures vanquished.

Notes
Turn   | Place    | Note
-------+----------+-------------------------------------------
     0 | D:1      | Gagarin the Merfolk Gladiator began the quest for the Orb.
     0 | D:1      | Reached XP level 1. HP: 16/16 MP: 1/1
   232 | D:1      | Reached XP level 2. HP: 23/23 MP: 2/2
   665 | D:1      | Reached XP level 3. HP: 7/28 MP: 3/3
  1058 | D:2      | Reached skill level 5 in Polearms
  1162 | D:2      | Reached skill level 5 in Dodging
  1208 | D:2      | Found an iron altar of Okawaru.
  1229 | D:2      | Reached XP level 4. HP: 35/35 MP: 4/4
  1245 | D:2      | Became a worshipper of Warmaster Okawaru
  1266 | D:2      | Found a sacrificial altar of Ru.
  1518 | D:3      | Found a glowing silver altar of Zin.
  1801 | D:3      | Killed from afar by an orc priest

Vault maps used:
D:1:      co_arrival_square_in_a_square_in_a_square,
          minmay_misc_feat_nine_boxes, minmay_misc_feat_alley,
          minmay_misc_feat_roman, minmay_misc_feat_more_columns
D:2:      nicolae_ru_sacrificial_ziggurat, kennysheep_okawaru_gauntlet,
          st_stairs_11, minmay_misc_feat_four_crosses
D:3:      nicolae_overflow_hidden_temple, nicolae_underground_beach

Skill      XL: |  1  2  3 |
---------------+----------+-----
Polearms       | 5 |  5.3
Fighting       | 3 |  3.5
Dodging        | 5 |  5.2
Throwing       | |  2.0

Action                   |  1- 3 |  4- 6 || total
-------------------------+-------+-------++-------
Melee: Trident           |   107 |    38 ||   145
 Stab: Sleeping          |     1 |     1 ||     2
  Eat: Chunk             |     1 |     2 ||     3
Armor: Leather armour    |    18 |     4 ||    22
Dodge: Dodged            |    73 |    17 ||    90
